 Dungeon Crawl Stone Soup version 0.15.2 (webtiles) character file.

59 magipi the Chopper (level 4, 0/23 HPs)
             Began as a Vine Stalker Berserker on Sept 20, 2015.
             Was a Believer of Trog.
             Slain by a gnoll
             ... wielding a +0 spear
              (1 damage)
             ... on Level 2 of the Dungeon.
             The game lasted 00:05:35 (733 turns).

magipi the Chopper (Vine Stalker Berserker)          Turns: 733, Time: 00:05:35

HP   0/23        AC  5     Str 19      XL: 4   Next:  3%
MP   0/5         EV 10     Int  7      God: Trog [**....]
Gold 25          SH  0     Dex 15      Spells:  0 memorised,  3 levels left

rFire  . . .     SeeInvis .     a - +0 hand axe
rCold  . . .     Clarity  .     h - +0 ring mail
rNeg   . . .     rCorr    .     (no shield)
rPois  .         rRot     +     (no helmet)
rElec  .         Spirit   +     (no cloak)
SustAb .         Warding  .     (no gloves)
rMut   .         Stasis   .     (no boots)
Gourm  .                        (no amulet)
MR     .....                    (no ring)
                                (no ring)

@: exhausted, slowed, very slow, not resistant to hostile enchantments, very
unstealthy
A: fangs 2, regeneration 1, magic shield, antimagic bite, no device heal 3, rot
immunity
a: Burn Spellbooks, Berserk, Trog's Hand, Renounce Religion


You were on level 2 of the Dungeon.
You worshipped Trog.
Trog was pleased with you.
You were near starving.

You visited 1 branch of the dungeon, and saw 2 of its levels.

You collected 25 gold pieces.

Inventory:

Hand weapons
 a - a +0 hand axe (weapon)
Armour
 h - a +0 ring mail (worn)
Comestibles
 c - a bread ration
 j - a meat ration
Scrolls
 b - a scroll of noise {unknown}
 f - 2 scrolls of amnesia {unknown}
 g - a scroll of teleportation {unknown}
 l - a scroll of remove curse {unknown}
 m - a scroll of identify {unknown}
Jewellery
 d - an uncursed ring of stealth {unknown}
Potions
 e - a potion of haste {unknown}
 i - a potion of flight {unknown}
 k - a potion of heal wounds {unknown}


   Skills:
 - Level 2.6 Fighting
 + Level 4.3 Axes
 - Level 1.5 Armour
 - Level 1.5 Dodging


You had 3 spell levels left.
You didn't know any spells.

Dungeon Overview and Level Annotations

Branches:
Dungeon (2/15)

Altars:
Ashenzari


Innate Abilities, Weirdness & Mutations

You have extremely sharp teeth.
Your natural rate of healing is unusually fast.
When hurt, damage is shared between your health and your magic reserves.
Your bite disrupts and absorbs the magic of your enemies.
Potions and wands cannot restore your health.
You are immune to rotting.

Vault maps used:
D:1:      tarquinn_simple_flora_water_d, item_on_display_a
D:2:      ashenzari_conservatory_becter, minmay_goblin_outpost, uniq_terence


Message History

Found a ring mail.
The hobgoblin hits you but does no damage.
You hit the hobgoblin but do no damage.
The hobgoblin hits you but does no damage.
You hit the hobgoblin but do no damage. The hobgoblin barely misses you.
You barely miss the hobgoblin.
The hobgoblin hits you but does no damage.
You closely miss the hobgoblin. You bite the hobgoblin. You drain its power.
The hobgoblin is severely wounded.
The hobgoblin closely misses you.
You hit the hobgoblin but do no damage. You bite the hobgoblin.
You drain its power.
You kill the hobgoblin!
Trog accepts your kill.
You see here a hobgoblin corpse.
You offer a prayer to Trog.
The hobgoblin corpse is consumed in a column of flame.
Trog is pleased with you.
k - a blue potion As you open the door, it creaks loudly!
There is an open door here.
There is an open door here.
You open the door.
There is an open door here.
Found a scroll labeled VAHISHRI SKIYD.
l - a scroll labeled VAHISHRI SKIYD
There is a stone staircase leading down here.
You see here a +0 animal skin.
There is a stone staircase leading down here.
You climb downwards.
There is a stone staircase leading up here.
Found a scroll labeled FIOQ SUNEIHITA.
m - a scroll labeled FIOQ SUNEIHITA
Found a dagger.
A rat comes into view.
You see here a dagger.
You hit the rat. You bite the rat. You drain its power.
You kill the rat!
Trog accepts your kill.
You see here a rat corpse.
You offer a prayer to Trog.
The rat corpse is slowly consumed by flames.
Trog is pleased with you.
A gnoll comes into view. It is wielding a spear.
The gnoll shouts!
Found a shattered altar of Ashenzari.
You are feeling hungry.
Use which ability? (? or * to list)
A red film seems to cover your vision as you go berserk!
You feel yourself moving faster!
You feel mighty!
You feel somewhat more hungry. The gnoll closely misses you.
You feel a strong urge to attack something.
The gnoll closely misses you.
You hit the gnoll. Your bite misses the gnoll.
The gnoll is heavily wounded.
You slash the gnoll!
You kill the gnoll!
Trog accepts your kill.
You have reached level 4!
You feel agile.
A gnoll comes into view.
The gnoll shouts!
A gnoll comes into view. It is wielding a spear.
Things that are here:
a spear; a gnoll corpse You feel a strong urge to attack something.
You are no longer berserk.
You are exhausted.
You feel yourself slow down.
You are feeling very hungry.
The gnoll hits you.
You hit the gnoll. Your bite misses the gnoll.
The gnoll is lightly wounded.
The gnoll hits you from afar with a spear.
The gnoll hits you. The gnoll hits you but does no damage.
The gnoll hits you but does no damage.
You hit the gnoll.
The gnoll is almost dead.
The gnoll hits you from afar with a spear.
The gnoll barely misses you.
The gnoll hits you from afar with a spear!
* * * LOW HITPOINT WARNING * * *
You hit the gnoll but do no damage. Your bite misses the gnoll.
The gnoll is severely wounded.
The gnoll hits you.
* * * LOW HITPOINT WARNING * * *
The gnoll hits you from afar with a spear.
* * * LOW HITPOINT WARNING * * *
The gnoll hits you but does no damage.
You are near starving!
The gnoll hits you but does no damage. The gnoll hits you but does no damage.
The gnoll hits you but does no damage.
The gnoll hits you from afar with a spear.
* * * LOW HITPOINT WARNING * * *
You see here a dagger.
The gnoll hits you from afar with a spear.
* * * LOW HITPOINT WARNING * * *
The gnoll hits you from afar with a spear.
You die...

#.# #.# #.# #.#
#.# #)# #.# #g###
#.# #.g.# ...
###.# #.# #.. #@#
#.# .....# ..# #.#
#.# .....#...# #.#
#.#......#...#
#.###.#......#...#
#............#...#
#.###.##.#...#...#
### #.# .........#
#.####.#.#...#
#.......<...).


You could see 2 gnolls.

Table legend:
 A = Kills in this place as a percentage of kills in entire the game.
 B = Kills by you in this place as a percentage of kills by you in the entire game.
 C = Kills by friends in this place as a percentage of kills by friends in the entire game.
 D = Other kills in this place as a percentage of other kills in the entire game.
 E = Experience gained in this place as a percentage of experience gained in the entire game.
 F = Experience gained in this place divided by the number of levels of this place that you have seen.
                   A       B       C       D       E      F
               +-------+-------+-------+-------+-------+----------------------
         Total | 100.0 | 100.0 |  -nan |  -nan | 100.0 |  42.5
       Dungeon | 100.0 | 100.0 |  -nan |  -nan | 100.0 |  42.5
               +-------+-------+-------+-------+-------+----------------------

Vanquished Creatures
  Terence (D:2)
  A gnoll (D:2)
  A giant gecko (D:1)
  A ball python (D:1)
  10 bats
  A giant cockroach (D:1)
  3 hobgoblins (D:1)
  3 jackals (D:2)
  A giant newt (D:1)
  2 goblins
  6 kobolds (D:1)
  3 rats
33 creatures vanquished.

Notes
Turn   | Place    | Note
--------------------------------------------------------------
     0 | D:1      | magipi, the Vine Stalker Berserker, began the quest for the Orb.
     0 | D:1      | Reached XP level 1. HP: 11/11 MP: 1/1
    39 | D:1      | Reached skill level 3 in Axes
    70 | D:1      | Reached XP level 2. HP: 16/16 MP: 3/3
   283 | D:2      | Noticed Terence
   293 | D:2      | Killed Terence
   293 | D:2      | Reached XP level 3. HP: 19/19 MP: 4/4
   340 | D:1      | Acquired Trog's second power
   380 | D:1      | Reached skill level 4 in Axes
   697 | D:2      | Found a shattered altar of Ashenzari.
   705 | D:2      | Reached XP level 4. HP: 23/23 MP: 5/5
   731 | D:2      | HP: 1/23 [gnoll/spear (2)]
   733 | D:2      | Slain by a gnoll

Action                   |  1- 3 |  4- 6 || total
-------------------------+-------+-------++-------
Melee: Hand axe          |    76 |     3 ||    79
Invok: Berserk           |     2 |       ||     2
 Stab: Sleeping          |     1 |       ||     1

Action                   |  1- 3 |  4- 6 || total
-------------------------+-------+-------++-------
Melee: Hand axe          |    76 |     3 ||    79
Invok: Berserk           |     2 |       ||     2
 Stab: Sleeping          |     1 |       ||     1

Action                   |  1- 3 |  4- 6 || total
-------------------------+-------+-------++-------
Melee: Hand axe          |    76 |     3 ||    79
Invok: Berserk           |     2 |       ||     2
 Stab: Sleeping          |     1 |       ||     1
